 Dungeon Sprint DCSS version 0.22-a0-284-g99d1f74 (webtiles) character file.

13850 Conn321 the Thaumaturge (level 12, 0/85 HPs)
             Began as an Octopode Fire Elementalist on Mar 22, 2018.
             Was a High Priest of Sif Muna.
             Slain by a death cob (26 damage)
             ... in the Dungeon (Sprint VII: "The Pits").
             The game lasted 00:28:17 (4842 turns).

Conn321 the Thaumaturge (OpFE)                      Turns: 4842, Time: 00:28:21

Health: 0/85       AC:  1    Str: 11    XL:     12   Next: 10%
Magic:  11/30      EV: 22    Int: 22    God:    Sif Muna [*****.]
Gold:   31         SH:  0    Dex: 17    Spells: 2/39 levels left

rFire    . . .     SeeInvis .   a - +6 long sword (slice)
rCold    . . .     Gourm    .   (no shield)
rNeg     . . .     Faith    .   (helmet restricted)
rPois    .         Spirit   .   (no amulet)
rElec    .         Reflect  .   m - +3 ring of strength
rCorr    .         Harm     .   n - +3 ring of evasion
MR       +....     NoTele   +   B - +5 ring of dexterity
Stlth    ++++......             w - ring of protection from magic
HPRegen  0.24/turn              (no ring)
MPRegen  0.22/turn              (no ring)
                                (no ring)
                                (no ring)

@: hasted and slowed, deflect missiles
A: almost no armour, stealthy swim, amphibious, 8 rings, constrict 8, camouflage
1, gelatinous body 1
a: Divine Energy, Channel Magic, Forget Spell, Renounce Religion


You were in the Dungeon.
You worshipped Sif Muna.
Sif Muna was extremely pleased with you.
You were very hungry.

You visited 1 branch You collected 31 gold pieces.

Inventory:

Hand Weapons
 a - a +6 long sword of slicing (weapon)
 b - the +8 hunting sling "Bulenn" {velocity, rN+ Str+5 Int+2}
   (You found it in the Dungeon)

   Any stone fired from it inflicts extra damage.
   It affects your strength (+5).
   It affects your intelligence (+2).
   It protects you from negative energy.
 q - a +2 scimitar of flaming
 r - a +2 rapier of electrocution
 s - a +2 falchion of holy wrath
 y - a +2 arbalest of velocity
Jewellery
 m - a +3 ring of strength (left tentacle)
 n - a +3 ring of evasion (right tentacle)
 w - a ring of protection from magic (on tentacle)
 B - a +5 ring of dexterity (on tentacle)
Scrolls
 j - 6 scrolls of remove curse
 k - 5 scrolls of amnesia
 l - a scroll of summoning
 u - 3 scrolls of blinking
 v - a scroll of enchant weapon
 z - 6 scrolls of enchant armour
 A - 2 scrolls of fear
 C - a scroll of identify
Potions
 c - 9 potions of curing
 d - 10 potions of heal wounds
 e - a potion of haste
 f - 3 potions of magic
 g - 2 potions of berserk rage
 h - 2 potions of resistance
 i - 3 potions of invisibility
 o - 2 potions of brilliance
 p - 2 potions of agility
 t - a potion of might
Comestibles
 x - 5 rations


   Skills:
 + Level 9.2 Fighting
 + Level 11.1 Long Blades
 + Level 7.9 Dodging
 - Level 5.1 Stealth
 + Level 0.1 Unarmed Combat
 * Level 14.0 Spellcasting
 * Level 12.9 Conjurations
 + Level 0.5 Hexes
 + Level 2.4 Charms
 + Level 12.0 Fire Magic
 * Level 5.0 Air Magic
 * Level 7.3 Earth Magic
 + Level 4.6 Invocations


You had 2 spell levels left.
You knew the following spells:

 Your Spells              Type           Power        Failure   Level  Hunger
a - Flame Tongue          Conj/Fire      #####        1%          1    None
b - Conjure Flame         Conj/Fire      ######..     1%          3    None
c - Sticky Flame          Conj/Fire      ######..     1%          4    None
d - Fireball              Conj/Fire      ######....   1%          5    ###....
e - Inner Flame           Hex/Fire       #####...     1%          3    None
f - Dazzling Spray        Conj/Hex       #####.       1%          3    None
g - Lee's Rapid Deconstr  Erth           #####.....   5%          5    ###....
h - Deflect Missiles      Chrm/Air       ####......   78%         6    #####..
i - Iskenderun's Mystic   Conj           ######..     1%          4    None
j - Mephitic Cloud        Conj/Pois/Air  #####...     1%          3    None


Dungeon Overview and Level Annotations

Branches:
Dungeon (1/1)

Altars:
Ashenzari
Cheibriados
Dithmenos
Elyvilon
Fedhas
Gozag
Hepliaklqana
Kikubaaqudgha
Makhleb
Nemelex Xobeh
Okawaru
Qazlal
Ru
Sif Muna
Trog
Uskayaw
Vehumet
Wu Jian
Xom
Yredelemnul
Zin
The Shining One
Beogh
Jiyva
Lugonu


Innate Abilities, Weirdness & Mutations

You cannot wear most types of armour.
You are very stealthy in the water. (Stealth+)
You are amphibious.
You can wear up to eight rings at the same time.
You can use your tentacles to constrict eight enemies at once.
Your skin changes colour to match your surroundings (Stealth+).
Your rubbery body absorbs attacks. (AC +1, EV +1)


Message History

Press: ? - help, Dir - move target cursor The metal wall shatters!
The blast of metal fragments hits the death cob.
The death cob is moderately damaged.
You are feeling very hungry.
You hear a shout! x2
The death cob burns!
The death cob closely misses you. x2
The death cob misses you.
An orc knight comes into view. It is wielding an enchanted great mace.
Casting: Lee's Rapid Deconstruction (safe; 5% risk of failure)
Confirm with . or Enter, or press ? or * to list all spells.
Aiming: Lee's Rapid Deconstruction (safe; 5% risk of failure)
Press: ? - help, Dir - move target cursor You miscast Lee's Rapid Deconstruction.
Sif Muna protects you from the effects of your miscast!
The orc knight shouts!
The death cob burns!
The death cob hits you!! The death cob drains your vigour!
You feel as though you will be slow longer.
The death cob hits you!!
You die...

#++#############################
#..............@................
#..).)..........z.....).........
#..##############o'#############
#..# ..... #..# .....# #..#
..#### #..# ..o #).# o... #..#


ooo. You could see a death cob (burning) and 2 orc knights.

Vanquished Creatures
  A hydra (D)
  An alligator snapping turtle (D)
  A death knight (D)
  A shadow wraith (D)
  A sea snake (D)
  A wizard (D)
  A deep elf mage (D)
  An orc sorcerer (D)
  An elephant (D)
  A manticore (D)
  A black mamba (D)
  A merfolk siren (D)
  A spiny frog (D)
  A rime drake (D)
  2 efreet (D)
  A red devil (D)
  3 komodo dragons (D)
  A merfolk (D)
  A polar bear (D)
  A bog body (D)
  A hornet (D)
  9 dream sheep (D)
  A snapping turtle (D)
  9 yaks (D)
  A wraith (D)
  2 redbacks (D)
  A fire bat (D)
  2 tarantellas (D)
  A basilisk (D)
  A neqoxec (D)
  An acid dragon (D)
  A warg (D)
  A floating eye (D)
  A sky beast (D)
  A swamp drake (D)
  Purgy (D)
  A phantom (D)
  An ogre (D)
  A wolf (D)
  A centaur (D)
  A bullfrog (D)
  3 wights (D)
  2 crimson imps (D)
  An iguana (D)
  A worker ant (D)
  A gnoll (D)
  A river rat (D)
  A white imp (D)
  2 oozes (D)
  An adder skeleton (D)
  2 worms (D)
  A leopard gecko (D)
  A ball python (D)
  A giant cockroach (D)
  3 goblins (D)
  A frilled lizard (D)
  3 kobolds (D)
87 creatures vanquished.

Vanquished Creatures (others)
  A water moccasin (D)
  A black bear (D)
2 creatures vanquished.

Grand Total: 89 creatures vanquished

Notes
Turn   | Place    | Note
-------+----------+-------------------------------------------
     0 | D        | Conn321 the Octopode Fire Elementalist began the quest for the Orb.
     0 | D        | Reached XP level 1. HP: 11/11 MP: 3/3
    44 | D        | Found a glowing golden altar of the Shining One.
    44 | D        | Found a glowing silver altar of Zin.
    44 | D        | Found a basalt altar of Yredelemnul.
    44 | D        | Found a shimmering altar of Xom.
    44 | D        | Found an ornate altar of the Wu Jian Council.
    44 | D        | Found a bloodstained altar of Trog.
    44 | D        | Found a deep blue altar of Sif Muna.
    44 | D        | Found a sacrificial altar of Ru.
    44 | D        | Found a stormy altar of Qazlal.
    44 | D        | Found an iron altar of Okawaru.
    44 | D        | Found a sparkling altar of Nemelex Xobeh.
    44 | D        | Found a burning altar of Makhleb.
    44 | D        | Found a viscous altar of Jiyva.
    44 | D        | Found a hazy altar of Hepliaklqana.
    44 | D        | Found an opulent altar of Gozag.
    44 | D        | Found a blossoming altar of Fedhas.
    44 | D        | Found a white marble altar of Elyvilon.
    44 | D        | Found a shadowy altar of Dithmenos.
    44 | D        | Found a snail-covered altar of Cheibriados.
    45 | D        | Found a radiant altar of Vehumet.
    45 | D        | Found a corrupted altar of Lugonu.
    45 | D        | Found a roughly hewn altar of Beogh.
    46 | D        | Found an ancient bone altar of Kikubaaqudgha.
    46 | D        | Found a hide-covered altar of Uskayaw.
    46 | D        | Found a shattered altar of Ashenzari.
    47 | D        | Became a worshipper of Sif Muna the Loreminder
   374 | D        | Noticed a worker ant
   374 | D        | Noticed an ogre
   386 | D        | Killed an ogre
   386 | D        | Reached * piety under Sif Muna
   386 | D        | Reached skill level 1 in Fighting
   386 | D        | Reached skill level 1 in Long Blades
   386 | D        | Reached skill level 4 in Spellcasting
   386 | D        | Reached XP level 2. HP: 18/18 MP: 5/7
   386 | D        | Reached XP level 3. HP: 23/23 MP: 5/8
   386 | D        | Reached XP level 4. HP: 28/28 MP: 6/10
   439 | D        | Reached ** piety under Sif Muna
   439 | D        | Reached skill level 5 in Stealth
   440 | D        | Reached XP level 5. HP: 33/33 MP: 6/11
   521 | D        | Learned a level 3 spell: Conjure Flame
   526 | D        | Learned a level 4 spell: Sticky Flame
   529 | D        | Noticed a centaur
   529 | D        | Noticed a black bear
   530 | D        | Noticed a water moccasin
   534 | D        | Reached *** piety under Sif Muna
   534 | D        | Reached skill level 5 in Spellcasting
   538 | D        | Killed a black bear
   539 | D        | Reached XP level 6. HP: 24/39 MP: 11/14
   540 | D        | Killed a water moccasin
   546 | D        | Reached skill level 6 in Spellcasting
   564 | D        | Noticed a sky beast
   570 | D        | Killed a sky beast
   570 | D        | Reached **** piety under Sif Muna
   570 | D        | Reached skill level 5 in Long Blades
   761 | D        | Learned a level 5 spell: Fireball
   761 | D        | Noticed a merfolk
   768 | D        | HP: 1/42 [merfolk/trident (23)]
   770 | D        | Killed a merfolk
   770 | D        | Reached skill level 5 in Dodging
   770 | D        | Reached skill level 5 in Conjurations
   770 | D        | Reached XP level 7. HP: 19/48 MP: 6/17
   959 | D        | Reached skill level 7 in Spellcasting
  1170 | D        | Learned a level 3 spell: Inner Flame
  1170 | D        | Noticed a wraith
  1174 | D        | Killed a wraith
  1174 | D        | Reached skill level 5 in Fighting
  1174 | D        | Reached XP level 8. HP: 55/55 MP: 1/19
  1175 | D        | Reached ***** piety under Sif Muna
  1175 | D        | Identified Sif Muna's Catalogue of the Oath (Sif Muna gifted it to you in the Dungeon)
  1175 | D        | Received a gift from Sif Muna
  1416 | D        | Killed a shadow wraith
  1416 | D        | Reached skill level 8 in Spellcasting
  1678 | D        | Noticed a dream sheep
  1678 | D        | Noticed a dream sheep
  1679 | D        | Noticed a dream sheep
  1679 | D        | Noticed a dream sheep
  1684 | D        | Killed a dream sheep
  1684 | D        | Reached XP level 9. HP: 62/63 MP: 14/21
  1686 | D        | Reached skill level 9 in Spellcasting
  1688 | D        | Noticed a rime drake
  1694 | D        | Received a gift from Sif Muna
  1694 | D        | Reached skill level 10 in Fire Magic
  1694 | D        | Killed a rime drake
  1694 | D        | Reached skill level 10 in Long Blades
  1694 | D        | Reached skill level 1 in Invocations
  1849 | D        | Noticed a black mamba
  1849 | D        | Noticed a red devil
  1849 | D        | Noticed a komodo dragon
  1856 | D        | Killed a red devil
  1857 | D        | Killed a komodo dragon
  1857 | D        | Reached skill level 10 in Spellcasting
  1857 | D        | Reached XP level 10. HP: 72/72 MP: 22/24
  1858 | D        | Killed a black mamba
  1889 | D        | Learned a level 3 spell: Dazzling Spray
  1961 | D        | Noticed an orc sorcerer
  1965 | D        | Killed an orc sorcerer
  1967 | D        | Received a gift from Sif Muna
  1968 | D        | Noticed a manticore
  1971 | D        | Reached skill level 10 in Conjurations
  1972 | D        | Killed a manticore
  1972 | D        | Reached skill level 11 in Spellcasting
  1973 | D        | Noticed Purgy
  1973 | D        | Killed Purgy
  1981 | D        | Learned a level 5 spell: Lee's Rapid Deconstruction
  2370 | D        | Noticed an alligator snapping turtle
  2370 | D        | Noticed an elephant
  2396 | D        | Reached skill level 1 in Earth Magic
  2584 | D        | Killed an elephant
  2584 | D        | Identified Xasaigy's Guide on Congealing Flight (Sif Muna gifted it to you in the Dungeon)
  2584 | D        | Received a gift from Sif Muna
  2584 | D        | Reached XP level 11. HP: 77/80 MP: 11/26
  2942 | D        | Killed an alligator snapping turtle
  2942 | D        | Reached skill level 12 in Spellcasting
  3208 | D        | Learned a level 6 spell: Deflect Missiles
  3244 | D        | Noticed a sea snake
  3255 | D        | Killed a sea snake
  3255 | D        | Reached skill level 1 in Charms
  3255 | D        | Reached skill level 1 in Air Magic
  3256 | D        | Received a gift from Sif Muna
  3670 | D        | Paralysed by a hornet for 3 turns
  3893 | D        | Got the +8 hunting sling "Bulenn" {velocity, rN+ Str+5 Int+2}
  3998 | D        | Identified Sif Muna's Catalogue of Attacks (Sif Muna gifted it to you in the Dungeon)
  3998 | D        | Received a gift from Sif Muna
  4006 | D        | Reached skill level 13 in Spellcasting
  4182 | D        | Reached skill level 5 in Earth Magic
  4329 | D        | Noticed a deep elf mage
  4337 | D        | Killed a deep elf mage
  4337 | D        | Identified Sif Muna's Reference Book on Conjuration (Sif Muna gifted it to you in the Dungeon)
  4337 | D        | Received a gift from Sif Muna
  4346 | D        | Learned a level 4 spell: Iskenderun's Mystic Blast
  4462 | D        | Noticed a death knight
  4471 | D        | Killed a death knight
  4612 | D        | Noticed a seven-headed hydra
  4612 | D        | Noticed a wizard
  4617 | D        | Killed a wizard
  4617 | D        | Reached XP level 12. HP: 85/85 MP: 18/29
  4618 | D        | Killed a seven-headed hydra
  4618 | D        | Reached skill level 14 in Spellcasting
  4618 | D        | Reached skill level 5 in Air Magic
  4825 | D        | Learned a level 3 spell: Mephitic Cloud
  4836 | D        | Noticed a death cob
  4837 | D        | Noticed an orc warlord
  4842 | D        | Slain by a death cob

Vault maps used:
D:        pitsprint

Skill      XL: |  1  2  3  4  5  6  7  8  9 10 11 12 |
---------------+-------------------------------------+-----
Fire Magic     | 6 7 9 10 11 12 | 12.0
Fighting       | 1 2 4 5 6 8 9 |  9.2
Long Blades    | 1 2 3 6 7 8 10 11 | 11.1
Dodging        | 3 4 5 6 7 |  7.9
Stealth        | 4 5 |  5.1
Spellcasting   | 4 5 6 7 8 10 11 13 14 | 14.0
Conjurations   | 3 5 6 7 9 11 12 | 12.9
Invocations    | 1 3 4 |  4.6
Earth Magic    | 2 6 7 |  7.3
Charms         | 2 |  2.4
Air Magic      | 4 5 |  5.0
Unarmed Combat | |  0.1
Hexes          | |  0.5

Action                   |  1- 3 |  4- 6 |  7- 9 | 10-12 || total
-------------------------+-------+-------+-------+-------++-------
Melee: Falchion          |    13 |    18 |    14 |       ||    45
       Constrict         |     3 |     5 |     4 |     2 ||    14
       Unarmed           |     1 |       |       |       ||     1
       Tentacles         |       |     9 |     3 |     3 ||    15
       Scimitar          |       |       |     4 |     1 ||     5
       Long sword        |       |       |       |    11 ||    11
 Cast: Flame Tongue      |     3 |    12 |     7 |    31 ||    53
       Sticky Flame      |       |     1 |     4 |    18 ||    23
       Fireball          |       |       |    10 |    59 ||    69
       Conjure Flame     |       |       |     2 |    10 ||    12
       Inner Flame       |       |       |     1 |       ||     1
       Dazzling Spray    |       |       |       |     9 ||     9
       Lee's Rapid Decon |       |       |       |    13 ||    13
       Deflect Missiles  |       |       |       |     1 ||     1
Invok: Channel Magic     |       |       |     1 |     6 ||     7
  Use: Potion            |     1 |     3 |     3 |     1 ||     8
       Scroll            |       |       |       |     1 ||     1
 Stab: Sleeping          |     1 |     1 |     1 |       ||     3
       Invisible         |       |     7 |       |       ||     7
  Eat: Chunk             |       |       |     3 |    11 ||    14
       Ration            |       |       |     1 |     3 ||     4
Dodge: Dodged            |    10 |    34 |    21 |    42 ||   107
       Rpst.: Falchion   |     1 |    12 |     4 |       ||    17
       Scimitar          |       |       |     3 |     1 ||     4
       Long sword        |       |       |       |     6 ||     6

Table legend:
 A = Spawn XP
 B = Non-spawn XP
 C = Spawn XP percentage of total XP
 D = Spawn monster count
 E = Non-spawn monster count
 F = Spawn count percentage of total count
 G = Total turns spent on level
                    A         B        C        D         E        F      G
               +---------+---------+-------+---------+---------+-------+---------
         Total |       0 |   19786 |   0.0 |       0 |      88 |   0.0 |  4842
               +---------+---------+-------+---------+---------+-------+---------
             D |       0 |   19786 |   0.0 |       0 |      88 |   0.0 |  4842
               +---------+---------+-------+---------+---------+-------+---------
